 Dungeon Crawl Stone Soup version 0.20.0-8-g6b59dc7 (webtiles) character file.

276652 asdasd2 the Axe Maniac (level 19, -7/183 HPs)
             Began as a Minotaur Fighter on May 31, 2017.
             Was the Champion of Okawaru.
             Killed from afar by a deep elf mage (31 damage)
             ... with a bolt of lightning
             ... led by an ironheart preserver
             ... on level 2 of the Vaults.
             The game lasted 01:16:27 (36332 turns).

asdasd2 the Axe Maniac (Minotaur Fighter)          Turns: 36332, Time: 01:16:28

Health: -7/183     AC: 38    Str: 34    XL:     19   Next: 58%
Magic:  18/18      EV: 12    Int: 11    God:    Okawaru [******]
Gold:   2697       SH:  5    Dex: 13    Spells: 18/18 levels left

rFire    . . .     SeeInvis .   c - +6 executioner's axe (venom)
rCold    . . .     Gourm    .   (shield currently unavailable)
rNeg     . . .     Faith    .   U - +10 plate armour of Least Resistance {rPois MR+}
rPois    +         Spirit   .   Q - +1 hat {Int+3}
rElec    .         Reflect  +   r - +1 cloak {MR+}
rCorr    +         Harm     .   S - +0 pair of gloves
MR       +++..                  A - +2 pair of boots {Fly}
Stlth    ..........             Y - +5 amulet of reflection
Regen    0.4/turn               i - ring of resist corrosion
MPRegen  0.2/turn               H - ring "Efoum" {Str+5 Int+3 Dex+3}

@: lethally poisoned (-7 -> -9), flying
A: retaliatory headbutt, horns 2
}: 2/15 runes: decaying, serpentine
a: Heroism, Finesse, Renounce Religion, Stop Flying


You were on level 2 of the Vaults.
You worshipped Okawaru.
Okawaru was exalted by your worship.
You were not hungry.

You visited 7 branches of the dungeon, and saw 34 of its levels.

You collected 3648 gold pieces.
You spent 951 gold pieces at shops.

Inventory:

Hand Weapons
 c - a +6 executioner's axe of venom (weapon)
 x - a +0 executioner's axe of draining
 C - a +2 executioner's axe of flaming
Armour
 e - a scarf of repulsion
 r - a +1 cloak of magic resistance (worn)
 u - a +2 cloak
 A - a +2 pair of boots of flying (worn)
 Q - a +1 hat of intelligence (worn)
 S - a +0 pair of gloves (worn)
 T - a +1 cloak of poison resistance
 U - the +10 plate armour of Least Resistance (worn) {rPois MR+}
   (Okawaru gifted it to you on level 11 of the Dungeon)

   It protects you from poison.
   It affects your resistance to hostile enchantments.
Jewellery
 h - an uncursed ring of protection from cold
 i - a ring of resist corrosion (left hand)
 H - the ring "Efoum" (right hand) {Str+5 Int+3 Dex+3}
   (You found it on level 3 of the Swamp)

   [ring of strength]

   It affects your strength (+5).
   It affects your intelligence (+3).
   It affects your dexterity (+3).
 I - an uncursed ring of protection from magic
 K - an uncursed amulet of harm
 P - a +2 ring of slaying
 Y - a +5 amulet of reflection (around neck)
Wands
 v - a wand of paralysis (14/24)
 y - a wand of digging (1/24)
 B - a wand of flame (33/48)
 L - a wand of disintegration (1/24)
 N - a wand of polymorph (15/24)
 X - a wand of digging (10/24)
Scrolls
 j - 9 scrolls of remove curse
 n - 7 scrolls of magic mapping
 p - 3 scrolls of fog
 t - 15 scrolls of teleportation
 w - 2 scrolls of fear
 D - a scroll of enchant armour
 M - a scroll of blinking
 Z - a scroll of recharging
Potions
 a - 2 potions of cancellation
 d - 6 potions of might
 k - 23 potions of curing
 m - 4 potions of invisibility
 o - 3 potions of lignification
 q - 9 potions of haste
 s - 2 potions of magic
 z - 5 potions of agility
 E - a potion of resistance
 F - 5 potions of brilliance
 J - a potion of experience
 R - 4 potions of heal wounds
 V - a potion of ambrosia
 W - a potion of berserk rage
Comestibles
 b - 35 fruits
 f - 26 bread rations
 g - 17 meat rations
 O - 4 royal jellies


   Skills:
 + Level 19.2 Fighting
 O Level 27 Axes
   Level 2.6(18.8) Maces & Flails
 * Level 20.1 Armour
 + Level 5.1 Dodging
 + Level 2.7 Stealth
   Level 3.6 Shields
 + Level 1.0 Invocations
 + Level 0.8 Evocations


You had 18 spell levels left.
You didn't know any spells.

Dungeon Overview and Level Annotations

Branches:
Dungeon (15/15)            Temple (1/1) D:4            Lair (6/6) D:10
  Swamp (4/4) Lair:2        Snake (4/4) Lair:4        Slime (0/5) Lair:6
    Orc (2/2) D:11            Elf (0/3) Orc:2        Vaults (2/5) D:14
 Depths (0/5) D:15
  Crypt: Vaults:2-3

Altars:
Ashenzari
Cheibriados
Dithmenos
Elyvilon
Fedhas
Gozag
Hepliaklqana
Kikubaaqudgha
Makhleb
Nemelex Xobeh
Okawaru
Qazlal
Ru
Sif Muna
Trog
Uskayaw
Vehumet
Xom
Yredelemnul
Zin
The Shining One
Beogh

Shops:
D:5 *   D:15 *   Orc:2 !([(?*   Vaults:1 (

Annotations:
Lair:5 exclusion: oklob plant
Snake:2 exclusion: Roxanne, Roxanne


Innate Abilities, Weirdness & Mutations

You reflexively headbutt those who attack you in melee.
You have a pair of horns on your head.


Message History

You feel sick.
You feel sick.
You feel sick.
You feel sick.
The deep elf mage gestures wildly while chanting.
The deep elf mage blinks!
You feel sick. The deep elf mage casts a spell at you.
The bolt of lightning hits you!
You feel sick. The deep elf mage casts a spell at you.
The bolt of lightning hits you!
* * * LOW HITPOINT WARNING * * *
You feel sick. The deep elf mage barely misses you. You furiously retaliate!
You headbutt the deep elf mage, but do no damage.
You slice the deep elf mage!! You headbutt the deep elf mage!
The deep elf mage is almost dead.
The deep elf mage points at you and mumbles some strange words.
The bolt of lightning hits you!
You die...

#..# #..#
#..#
#######..#
......)))+
.......))#
#######'##
#.....((#
#e@.....#
#.......#
#.......#
#.......#
#.......#
#.......#
#.......#
#.......#
#.......#


You could see a deep elf mage.

Vanquished Creatures
  Saint Roka (Orc:2)
  the Lernaean hydra (Swamp:4)
  Nikola (Snake:1)
  Agnes (D:14)
  A fire giant (Vaults:1)
  14 nagarajas
  A deep elf sorcerer (Vaults:1)
  Aizul (Snake:4)
  6 vault wardens (Vaults:1)
  6 ironheart preservers
  The ghost of Nattefrost the Spear-Bearer, a journeyman OgBe of Trog (Lair:2)
  2 stone giants (Vaults:2)
  An entropy weaver (Vaults:1)
  A deep elf demonologist (Vaults:1)
  Azrael (D:13)
  A deep elf death mage (Vaults:1)
  Josephine (Snake:1)
  A great orb of eyes (Vaults:1)
  2 yaktaur captains (Vaults:1)
  Harold (Lair:4)
  2 vault guards (Vaults:1)
  2 rakshasas
  An ice dragon (Vaults:1)
  14 naga warriors
  11 anacondas
  A catoblepas (Lair:4)
  27 hydras
  5 centaur warriors
  Erica (D:8)
  A two-headed ogre (shapeshifter) (D:15)
  2 ogre magi
  10 two-headed ogres
  6 death yaks (Lair:6)
  12 alligators
  3 shock serpents (Snake:4)
  Urug (D:13)
  16 naga sharpshooters
  Nergalle (Orc:1)
  A shadow wraith (D:15)
  2 deep elf knights (Vaults:1)
  5 salamander mystics
  3 glowing orange brains (Vaults:1)
  A sea snake (Snake:4)
  An unseen horror (shapeshifter) (Vaults:1)
  3 unseen horrors
  9 naga ritualists
  5 deep trolls (Vaults:1)
  5 spriggan druids
  A deep elf archer (Vaults:1)
  A shambling mangrove (Swamp:4)
  A flayed ghost (Vaults:1)
  13 swamp dragons
  7 orc knights
  16 mana vipers
  7 ironbrand convokers (Vaults:1)
  24 ugly things
  18 deep elf magi
  2 orc sorcerers (Orc:2)
  A manticore (D:14)
  5 cyclopes
  16 salamanders
  4 centaur zombies
  3 vault sentinels (Vaults:1)
  28 naga magi
  35 black mambas
  2 molten gargoyles (Lair:5)
  A spiny frog (shapeshifter) (D:15)
  2 gargoyles
  35 spiny frogs
  A kobold demonologist (D:12)
  9 komodo dragons
  4 yaktaurs
  2 freezing wraiths
  5 rime drakes
  The ghost of DogShitOnMyToe the Ruffian, an amateur TrMo (D:4)
  4 trolls
  A queen bee (D:11)
  3 polar bears
  11 tyrant leeches
  12 slime creatures
  A hippogriff (shapeshifter) (D:15)
  25 blink frogs
  13 hornets
  8 bog bodies
  9 hippogriffs
  14 spriggans
  6 wraiths
  62 yaks
  3 redbacks (Vaults:1)
  A spriggan (shapeshifter) (D:15)
  Grum (D:8)
  4 wyverns
  3 shadows
  5 fire elementals (D:13)
  3 basilisks
  A tarantella (Vaults:1)
  25 vampire mosquitoes
  2 hungry ghosts
  2 wargs (Orc:2)
  10 insubstantial wisps
  19 swamp worms
  45 nagas
  15 water moccasins
  A two-headed ogre zombie (D:11)
  7 porcupines
  A hell hound (D:13)
  4 ice beasts
  24 orc warriors
  20 swamp drakes
  5 sky beasts
  A necrophage (D:6)
  6 phantoms
  3 black bears
  17 ogres
  An eye of draining (D:12)
  6 boggarts
  7 wolves
  21 crocodiles
  25 centaurs
  33 bullfrogs
  4 big kobolds
  2 troll zombies (D:11)
  5 scorpions
  36 killer bees
  23 wights
  A vampire bat (D:5)
  A howler monkey (D:11)
  2 electric eels (Lair:6)
  9 crimson imps
  A lava snake (Lair:5)
  A bullfrog zombie (D:12)
  17 orc priests
  10 hounds
  3 jellies
  2 bullfrog skeletons
  5 centaur skeletons
  3 iguanas
  25 orc wizards
  10 worker ants
  5 ogre zombies (D:11)
  3 hound skeletons
  A worker ant zombie (D:6)
  4 gnolls (D:6)
  22 adders
  A howler monkey skeleton (D:4)
  3 shadow imps
  2 oozes
  An adder zombie (D:7)
  3 adder skeletons
  4 worms
  4 dart slugs
  3 fire bats (D:5)
  10 leopard geckos
  87 orcs
  2 spectral bats (D:5)
  3 ball pythons
  3 bat skeletons (D:5)
  A bat zombie (D:5)
  6 giant cockroaches
  12 hobgoblins
  8 jackals
  5 quokkas
  14 bats
  A bat simulacrum (D:5)
  6 frilled lizards
  8 goblins
  2 goblin zombies (D:11)
  2 hobgoblin zombies (D:11)
  14 kobolds
  A leopard gecko skeleton (D:8)
  3 orc skeletons (D:11)
  18 orc zombies (D:11)
  A quokka skeleton (D:5)
  7 rats
  5 fungi
  3 plants (Lair:6)
1368 creatures vanquished.

Vanquished Creatures (others)
  A shambling mangrove (Swamp:3)
  An orc (Vaults:1)
  5 fungi
  39 plants
46 creatures vanquished.

Grand Total: 1414 creatures vanquished

Notes
Turn   | Place    | Note
-------+----------+-------------------------------------------
     0 | D:1      | asdasd2 the Minotaur Fighter began the quest for the Orb.
     0 | D:1      | Reached XP level 1. HP: 19/19 MP: 0/0
   215 | D:1      | Reached XP level 2. HP: 23/27 MP: 1/1
   269 | D:1      | Reached skill level 3 in Axes
   357 | D:1      | Reached XP level 3. HP: 30/33 MP: 2/2
   763 | D:1      | You fall through a shaft!
  1068 | D:2      | Found a stormy altar of Qazlal.
  1120 | D:2      | Reached XP level 4. HP: 37/40 MP: 3/3
  1263 | D:2      | Found a shadowy altar of Dithmenos.
  1342 | D:3      | Noticed a centaur
  1344 | D:3      | Reached skill level 4 in Axes
  1351 | D:2      | Killed a centaur
  1351 | D:2      | Reached skill level 5 in Armour
  1351 | D:2      | Reached skill level 1 in Dodging
  1351 | D:2      | Reached XP level 5. HP: 7/46 MP: 4/4
  1613 | D:3      | Reached skill level 5 in Axes
  1619 | D:3      | Found a hazy altar of Hepliaklqana.
  1798 | D:3      | Found a faded altar of an unknown god.
  2185 | D:3      | Reached XP level 6. HP: 48/52 MP: 5/5
  2473 | D:4      | Found a staircase to the Ecumenical Temple.
  2481 | Temple   | Entered the Ecumenical Temple
  2729 | D:4      | Reached skill level 6 in Axes
  2789 | D:4      | Noticed DogShitOnMyToe's ghost (amateur TrMo)
  2793 | D:4      | Killed DogShitOnMyToe's ghost
  2793 | D:4      | Reached XP level 7. HP: 54/60 MP: 6/6
  2816 | D:4      | Reached skill level 7 in Axes
  3317 | D:5      | Entered Level 5 of the Dungeon
  3423 | D:5      | Found an ancient bone altar of Kikubaaqudgha.
  3486 | D:5      | Found a white marble altar of Elyvilon.
  3812 | D:5      | Found an iron altar of Okawaru.
  3821 | D:5      | Found Azxe's Assorted Antiques.
  3828 | D:5      | Became a worshipper of Warmaster Okawaru
  3833 | D:5      | Bought a pair of runed boots for 217 gold pieces
  3905 | D:5      | Reached skill level 5 in Fighting
  4058 | D:5      | Reached skill level 8 in Axes
  4081 | D:5      | Reached XP level 8. HP: 68/68 MP: 7/7
  4416 | D:6      | Found an opulent altar of Gozag.
  4501 | D:6      | Reached skill level 9 in Axes
  4643 | D:6      | Reached * piety under Okawaru
  4676 | D:6      | Found a shimmering altar of Xom.
  4676 | D:6      | Found a radiant altar of Vehumet.
  4784 | D:6      | Reached skill level 10 in Axes
  4910 | D:6      | Reached ** piety under Okawaru
  4910 | D:6      | Reached XP level 9. HP: 72/75 MP: 8/8
  5273 | D:7      | Reached skill level 11 in Axes
  5941 | D:7      | Reached skill level 12 in Axes
  6037 | D:7      | Found a glowing silver altar of Zin.
  6547 | D:8      | Found a glowing golden altar of the Shining One.
  6549 | D:8      | Noticed an angel
  6559 | D:8      | Found a basalt altar of Yredelemnul.
  6603 | D:8      | Found a blossoming altar of Fedhas.
  6763 | D:8      | Noticed Erica
  6769 | D:8      | Killed Erica
  6769 | D:8      | Reached *** piety under Okawaru
  6769 | D:8      | Reached skill level 1 in Stealth
  6769 | D:8      | Reached XP level 10. HP: 67/84 MP: 9/9
  6863 | D:8      | Noticed Grum
  6868 | D:8      | Reached skill level 13 in Axes
  6879 | D:8      | Killed Grum
  7440 | D:9      | Reached skill level 10 in Armour
  7542 | D:9      | Reached **** piety under Okawaru
  7616 | D:9      | Noticed a two-headed ogre
  7649 | D:9      | Killed a two-headed ogre
  7673 | D:9      | Reached skill level 14 in Axes
  7691 | D:9      | Noticed a two-headed ogre
  7696 | D:9      | Killed a two-headed ogre
  7768 | D:9      | Found a snail-covered altar of Cheibriados.
  7860 | D:9      | Reached ***** piety under Okawaru
  8444 | D:10     | Entered Level 10 of the Dungeon
  8641 | D:10     | Killed an unseen horror
  8641 | D:10     | Reached XP level 11. HP: 65/92 MP: 10/10
  8727 | D:10     | Reached skill level 15 in Axes
  8747 | D:10     | Found a snail-covered altar of Cheibriados.
  8764 | D:10     | Found a staircase to the Lair.
  9315 | D:11     | Found a staircase to the Orcish Mines.
  9338 | D:11     | Received a gift from Okawaru
  9341 | D:11     | Got a faintly humming plate armour {god gift}
  9352 | D:11     | Identified the +10 plate armour of Least Resistance {rPois MR+} (Okawaru gifted it to you on level 11 of the Dungeon)
  9705 | D:11     | Noticed a five-headed hydra
  9912 | D:11     | Reached skill level 16 in Axes
  9931 | D:11     | Noticed a two-headed ogre
  9973 | D:11     | Killed a two-headed ogre
 10143 | D:11     | Noticed a deep elf mage
 10154 | D:11     | Killed a deep elf mage
 10327 | D:12     | Found a burning altar of Makhleb.
 10378 | D:12     | Reached skill level 1 in Invocations
 10434 | D:12     | Received a gift from Okawaru
 10437 | D:12     | Got a transparent broad axe {god gift}
 10438 | D:12     | Identified the +7 broad axe of the Blessed Realm {protect, *Rage rPois rF+ rC+} (Okawaru gifted it to you on level 12 of the Dungeon)
 10465 | D:12     | Reached XP level 12. HP: 81/104 MP: 11/11
 10778 | D:12     | Found a deep blue altar of Sif Muna.
 10861 | D:12     | Reached skill level 17 in Axes
 11034 | D:12     | Noticed a two-headed ogre
 11038 | D:12     | Killed a two-headed ogre
 11038 | D:12     | Reached ****** piety under Okawaru
 11137 | D:12     | Identified a scroll of acquirement
 11240 | D:13     | Reached skill level 10 in Fighting
 11395 | D:13     | Noticed Urug
 11405 | D:13     | Killed Urug
 11405 | D:13     | Reached skill level 18 in Axes
 11479 | D:13     | Noticed Azrael
 11483 | D:13     | Received a gift from Okawaru
 11489 | D:13     | Killed Azrael
 11610 | D:13     | Noticed a two-headed ogre
 11615 | D:13     | Killed a two-headed ogre
 11751 | D:13     | Reached XP level 13. HP: 109/114 MP: 12/12
 12648 | D:14     | Received a gift from Okawaru
 12648 | D:14     | Reached skill level 19 in Axes
 12682 | D:14     | Got a pair of translucent gloves {god gift}
 12693 | D:14     | Identified the +2 pair of gloves of the Solstice {*Slow MP+9 Str+6 SInv} (Okawaru gifted it to you on level 14 of the Dungeon)
 12724 | D:14     | Found a gate to the Vaults.
 12797 | D:14     | Noticed Agnes
 12813 | D:14     | Killed Agnes
 13109 | D:15     | Entered Level 15 of the Dungeon
 13273 | D:15     | Found Baisibb's Changing Room.
 13507 | D:15     | Got an encrusted scarf
 13518 | D:15     | Identified the scarf of Odwucacu {rF+} (You acquired it on level 15 of the Dungeon)
 13925 | D:15     | Reached skill level 15 in Armour
 14083 | D:15     | Reached XP level 14. HP: 126/126 MP: 13/13
 14093 | D:15     | Received a gift from Okawaru
 14134 | D:15     | Found a staircase to the Depths.
 14365 | D:11     | Reached skill level 20 in Axes
 14406 | Lair:1   | Entered Level 1 of the Lair of Beasts
 15061 | Lair:2   | Noticed Nattefrost's ghost (journeyman OgBe)
 15079 | Lair:2   | Killed Nattefrost's ghost
 15079 | Lair:2   | Received a gift from Okawaru
 15163 | Lair:2   | Found a staircase to the Swamp.
 15403 | Lair:2   | Reached skill level 1 in Maces & Flails
 16730 | Lair:3   | Received a gift from Okawaru
 16733 | Lair:3   | Got a transparent battleaxe {god gift}
 16734 | Lair:3   | Identified the +5 battleaxe of the Coin {pain, Dex+3} (Okawaru gifted it to you on level 3 of the Lair of Beasts)
 17266 | Lair:4   | Noticed Harold
 17279 | Lair:4   | Killed Harold
 17384 | Lair:4   | Found a staircase to the Snake Pit.
 18021 | Lair:5   | Received a gift from Okawaru
 18042 | Lair:5   | Reached skill level 21 in Axes
 18365 | Lair:5   | Reached XP level 15. HP: 134/136 MP: 14/14
 18720 | Lair:6   | Entered Level 6 of the Lair of Beasts
 19288 | Lair:6   | Received a gift from Okawaru
 19896 | Lair:6   | Found a staircase to the Slime Pits.
 20556 | Orc:1    | Entered Level 1 of the Orcish Mines
 20564 | Orc:1    | Noticed Nergalle
 20569 | Orc:1    | Killed Nergalle
 20600 | Orc:1    | Found a shimmering altar of Xom.
 20932 | Orc:2    | Entered Level 2 of the Orcish Mines
 20934 | Orc:2    | Found Qinla's Magic Scroll Emporium.
 20942 | Orc:2    | Bought a scroll of identify for 20 gold pieces
 20942 | Orc:2    | Bought a scroll of teleportation for 30 gold pieces
 20942 | Orc:2    | Bought a scroll of identify for 20 gold pieces
 21148 | Orc:2    | Reached skill level 22 in Axes
 21255 | Orc:2    | Found Pasaofit's Distillery.
 21264 | Orc:2    | Bought a potion of haste for 160 gold pieces
 21264 | Orc:2    | Bought a potion of haste for 160 gold pieces
 21264 | Orc:2    | Bought a potion of heal wounds for 80 gold pieces
 21264 | Orc:2    | Bought a potion of might for 64 gold pieces
 21264 | Orc:2    | Bought a potion of heal wounds for 80 gold pieces
 21323 | Orc:2    | Received a gift from Okawaru
 21389 | Orc:2    | Found a roughly hewn altar of Beogh.
 21390 | Orc:2    | Found Isuwnuos's Weapon Emporium.
 21513 | Orc:2    | Found a roughly hewn altar of Beogh.
 21608 | Orc:2    | Found a staircase to the Elven Halls.
 21684 | Orc:2    | Found a roughly hewn altar of Beogh.
 21688 | Orc:2    | Found Giotwamu's Assorted Antiques.
 21702 | Orc:2    | Bought a scroll of identify for 60 gold pieces
 21702 | Orc:2    | Bought a scroll of identify for 60 gold pieces
 21776 | Orc:2    | Noticed Saint Roka
 22278 | Orc:2    | Killed Saint Roka
 22299 | Orc:2    | Found Lacowkaj's Antique Armour Boutique.
 22300 | Orc:2    | Found a roughly hewn altar of Beogh.
 22301 | Orc:2    | Found Hann's Antique Weapon Shop.
 22347 | Orc:2    | Found a roughly hewn altar of Beogh.
 22658 | Swamp:1  | Entered Level 1 of the Swamp
 22790 | Swamp:1  | Received a gift from Okawaru
 22795 | Swamp:1  | Reached XP level 16. HP: 111/147 MP: 15/15
 23314 | Swamp:1  | Received a gift from Okawaru
 23314 | Swamp:1  | Reached skill level 15 in Fighting
 24822 | Swamp:3  | Received a gift from Okawaru
 24858 | Swamp:3  | Reached skill level 23 in Axes
 25071 | Swamp:3  | Got a clouded ivory ring
 25201 | Swamp:4  | Entered Level 4 of the Swamp
 26300 | Swamp:4  | Noticed the 27-headed Lernaean hydra
 26938 | Swamp:4  | Killed the 20-headed Lernaean hydra
 26938 | Swamp:4  | Received a gift from Okawaru
 26938 | Swamp:4  | Reached XP level 17. HP: 119/158 MP: 16/16
 26942 | Swamp:4  | Identified the ring "Efoum" {Str+5 Int+3 Dex+3} (You found it on level 3 of the Swamp)
 27105 | Swamp:4  | Got a decaying rune of Zot
 27357 | Snake:1  | Entered Level 1 of the Snake Pit
 27369 | Snake:1  | Noticed Nikola
 27376 | Snake:1  | Killed Nikola
 27688 | Snake:1  | Noticed Josephine
 27694 | Snake:1  | Killed Josephine
 27694 | Snake:1  | Reached skill level 24 in Axes
 29177 | Snake:2  | Noticed Roxanne
 29199 | Snake:2  | Received a gift from Okawaru
 29978 | Snake:3  | Reached skill level 25 in Axes
 30122 | Snake:3  | Found a sparkling altar of Nemelex Xobeh.
 30579 | Snake:3  | Reached XP level 18. HP: 144/168 MP: 17/17
 30653 | Snake:4  | Entered Level 4 of the Snake Pit
 30666 | Snake:4  | Noticed Aizul
 30671 | Snake:4  | Received a gift from Okawaru
 30679 | Snake:4  | Killed Aizul
 31352 | Snake:4  | Found an iron altar of Okawaru.
 32011 | Snake:4  | Reached skill level 26 in Axes
 32035 | Snake:4  | Received a gift from Okawaru
 33040 | Snake:4  | Received a gift from Okawaru
 33436 | Snake:4  | Got a serpentine rune of Zot
 34016 | Vaults:1 | Entered Level 1 of the Vaults
 34041 | Vaults:1 | Found Niyd's Weapon Boutique.
 34341 | Vaults:1 | Received a gift from Okawaru
 34357 | Vaults:1 | Noticed a Hell Sentinel
 34367 | Vaults:1 | HP: 7/171 [centaur warrior/arrow (12)]
 34823 | Vaults:1 | Reached XP level 19. HP: 176/179 MP: 18/18
 34867 | Vaults:1 | Reached skill level 5 in Dodging
 35261 | Vaults:1 | Received a gift from Okawaru
 35423 | Vaults:1 | Reached skill level 27 in Axes
 36332 | Vaults:2 | Killed from afar by a deep elf mage

Skill      XL: |  1  2  3  4  5  6  7  8  9 10 11 12 13 14 15 16 17 18 19 |
---------------+----------------------------------------------------------+-----
Armour         | 4 5 6 7 8 9 11 12 13 15 16 17 18 19 20 | 20.1
Axes           | 3 4 5 6 8 10 12 14 16 18 19 21 22 23 25 26 27 | 27.0
Fighting       | 4 5 6 7 9 10 12 13 14 16 17 19 | 19.2
Dodging        | 1 2 3 4 5 |  5.1
Stealth        | 1 2 |  2.7
Invocations    | 1 |  1.0
Maces & Flails | 2 |  2.6
Shields        | |  3.6
Evocations     | |  0.8

Action                   |  1- 3 |  4- 6 |  7- 9 | 10-12 | 13-15 | 16-18 | 19-21 || total
-------------------------+-------+-------+-------+-------+-------+-------+-------++-------
Melee: War axe           |    76 |   129 |   303 |   419 |       |       |       ||   927
       Headbutt          |     8 |    17 |    36 |   124 |   213 |   273 |    64 ||   735
       Broad axe         |       |       |       |   179 |   261 |       |       ||   440
       Battleaxe         |       |       |       |       |   755 |   180 |       ||   935
       Morningstar       |       |       |       |       |    16 |       |       ||    16
       Executioner's axe |       |       |       |       |       |   897 |   200 ||  1097
Invok: Finesse           |       |       |       |     1 |       |       |       ||     1
Evoke: Wand              |       |       |       |       |       |     3 |       ||     3
  Use: Scroll            |     4 |     6 |     9 |     6 |    14 |    20 |     1 ||    60
       Potion            |       |     1 |     1 |     2 |     2 |     1 |       ||     7
 Stab: Distracted        |       |       |       |     1 |       |       |       ||     1
       Confused          |       |       |       |       |       |     3 |       ||     3
  Eat: Chunk             |       |     5 |    13 |    15 |    23 |    13 |     2 ||    71
       Fruit             |       |       |     1 |       |       |     4 |       ||     5
       Royal jelly       |       |       |       |     1 |     6 |    12 |     1 ||    20
Armor: Scale mail        |    26 |       |       |       |       |       |       ||    26
       Chain mail        |    11 |    62 |   226 |   151 |       |       |       ||   450
       Plate armour      |       |       |       |   206 |   703 |   772 |    64 ||  1745
Dodge: Dodged            |    33 |    67 |   169 |   219 |   391 |   442 |    32 ||  1353
       Deflected         |       |       |       |       |    11 |    62 |       ||    73
Block: Other             |       |       |       |       |       |   194 |    25 ||   219
       Reflection        |       |       |       |       |       |    19 |     2 ||    21
